 Dungeon Crawl Stone Soup version 0.25-a0-364-ge76b031baf (webtiles) character file.

Game seed: 14338361836963828807, levelgen mode: deterministic

336340 mopl the Tycoon (level 21, -1/165 HPs)
             Began as a Gnoll Summoner on Jan 4, 2020.
             Was an Initiate of Gozag.
             Slain by a jiangshi (3 damage)
             ... led by a vampire mage
             ... on level 1 of the Crypt.
             The game lasted 03:24:56 (55948 turns).

mopl the Tycoon (Gnoll Summoner)                   Turns: 55948, Time: 03:24:57

Health: -1/165     AC: 14    Str:  9    XL:     21   Next: 89%
Magic:  42/48      EV: 21    Int: 25    God:    Gozag
Gold:   11846      SH: 13    Dex: 14    Spells: 0/49 levels left

rFire    + + .     SeeInvis +   a - +9 demon trident (venom)
rCold    + . .     Gourm    .   U - +1 shield of Ciehil {rElec Regen+}
rNeg     + . .     Faith    .   u - +2 troll leather armour
rPois    +         Spirit   .   G - +1 hat {SInv}
rElec    +         Reflect  .   s - scarf {rC+ rF+}
rCorr    .         Harm     .   X - +0 pair of gloves {Str+3}
MR       +++..                  E - +2 pair of boots
Stlth    +++++.....             n - amulet of magic regeneration
HPRegen  1.17/turn              r - ring "Ruvopty" {rPois rN+ MR+ MP+9 Str-4 Dex-2}
MPRegen  0.56/turn              y - ring of Foimne {rPois rF+ MR+ Str-3 Stlth-}

@: deflect missiles
A: distributed training, fangs 1, strong nose
}: 2/15 runes: decaying, gossamer
a: Potion Petition, Call Merchant, Bribe Branch, Renounce Religion


You were on level 1 of the Crypt.
You worshipped Gozag.
Gozag was extremely pleased with you.
You were not hungry.

You visited 9 branches of the dungeon, and saw 41 of its levels.
You visited the Abyss 1 time.
You also visited: Ice Cave and Volcano.

You collected 20516 gold pieces.
You spent 2528 gold pieces at shops.
You paid 6142 gold pieces to Gozag.

Inventory:

Hand Weapons
 a - a +9 demon trident of venom (weapon)
Missiles
 p - 4 atropa-tipped darts
 v - 21 curare-tipped darts
 w - 8 boomerangs of dispersal
 H - 7 silver javelins
 J - 16 javelins
 T - 27 boomerangs (quivered)
Armour
 s - a scarf of resistance (worn)
 u - a +2 troll leather armour (worn)
 E - a +2 pair of boots (worn)
 G - a +1 hat of see invisible (worn)
 N - a +2 hat of magic resistance
 U - the +1 shield of Ciehil (worn) {rElec Regen+}
   (You found it on level 2 of the Abyss)

   It insulates you from electricity.
   It increases your rate of regeneration.
 X - a +0 pair of gloves of strength (worn)
Jewellery
 n - an amulet of magic regeneration (around neck)
 r - the ring "Ruvopty" (left hand) {rPois rN+ MR+ MP+9 Str-4 Dex-2}
   (You took it off an orc knight on level 1 of the Vaults)

   [ring of magical power]

   It affects your strength (-4).
   It affects your dexterity (-2).
   It protects you from poison.
   It protects you from negative energy.
   It affects your resistance to hostile enchantments.
   It affects your magic capacity (+9).
 y - the ring of Foimne (right hand) {rPois rF+ MR+ Str-3 Stlth-}
   (You bought it in a shop on level 10 of the Dungeon)

   [ring of attention]

   It affects your strength (-3).
   It protects you from fire.
   It protects you from poison.
   It affects your resistance to hostile enchantments.
   It makes you less stealthy.
Wands
 A - a wand of iceblast (67)
 D - a wand of digging (23)
 L - a wand of polymorph (34)
 M - a wand of acid (5)
 P - a wand of paralysis (31)
 Q - a wand of enslavement (9)
 S - a wand of disintegration (38)
Scrolls
 d - 2 scrolls of vulnerability
 g - 12 scrolls of fear
 i - 9 scrolls of fog
 l - 8 scrolls of teleportation
 m - 17 scrolls of remove curse
 q - 6 scrolls of silence {!r}
 t - 4 scrolls of blinking
 x - 6 scrolls of magic mapping
 W - 3 scrolls of immolation
Potions
 e - 4 potions of brilliance
 f - a potion of heal wounds
 h - 11 potions of might
 j - 7 potions of magic
 k - 4 potions of haste
 o - 7 potions of agility
 B - 5 potions of resistance
 C - 12 potions of curing
 F - 6 potions of flight
 I - 2 potions of invisibility
 K - 6 potions of ambrosia
Miscellaneous
 b - a lightning rod (4/4)
 z - 5 phantom mirrors
 O - a phial of floods
 R - 3 sacks of spiders
 V - a box of beasts
 Y - a lamp of fire
 Z - a fan of gales
Comestibles
 c - 7 rations


   Skills:
 + Level 14.0 Fighting
 + Level 14.0 Short Blades
 + Level 14.0 Long Blades
 + Level 14.0 Axes
 + Level 14.0 Maces & Flails
 + Level 14.0 Polearms
 + Level 14.0 Staves
 + Level 14.0 Slings
 + Level 14.0 Bows
 + Level 14.0 Crossbows
 + Level 14.0 Throwing
 + Level 14.0 Armour
 + Level 14.6 Dodging
 + Level 14.5 Stealth
 + Level 14.0 Shields
 + Level 14.0 Unarmed Combat
 + Level 14.7 Spellcasting
 + Level 12.1 Conjurations
 + Level 12.1 Hexes
 + Level 12.1 Charms
 + Level 13.6 Summonings
 + Level 12.1 Necromancy
 + Level 12.1 Translocations
 + Level 12.1 Transmutations
 + Level 12.1 Fire Magic
 + Level 12.1 Ice Magic
 + Level 12.1 Air Magic
 + Level 12.1 Earth Magic
 + Level 12.1 Poison Magic
 + Level 15.1 Invocations
 + Level 14.0 Evocations


You couldn't memorise any spells.
You knew the following spells:

 Your Spells              Type           Power        Failure   Level  Hunger
a - Malign Gateway        Summ/Tloc      ######....   19%         7    ######.
b - Spectral Weapon       Hex/Chrm       ######..     1%          3    None
c - Call Canine Familiar  Summ           ######..     1%          3    None
d - Summon Ice Beast      Ice/Summ       ######..     1%          4    None
e - Blink                 Tloc           N/A          1%          2    None
f - Summon Lightning Spi  Summ/Air       ######..     1%          4    None
g - Summon Guardian Gole  Hex/Summ       ######..     1%          3    None
h - Excruciating Wounds   Chrm/Necr      ######....   1%          5    ##.....
i - Dispel Undead         Necr           ######..     1%          5    ##.....
w - Sublimation of Blood  Necr           ######....   1%          2    None
y - Yara's Violent Unrav  Hex/Tmut       ######....   1%          5    ##.....
D - Deflect Missiles      Chrm/Air       ######....   4%          6    ####...

Your spell library contained the following spells:

 Spells                   Type           Power        Failure   Level  Hunger
 Summon Small Mammal      Summ           ####         0%          1    None
 Animate Skeleton         Necr           N/A          1%          1    None
 Beastly Appendage        Tmut           ######       1%          1    None
 Confusing Touch          Hex            ######       1%          1    None
 Freeze                   Ice            ####         1%          1    None
 Infusion                 Chrm           ####         1%          1    None
 Magic Dart               Conj           ####         1%          1    None
 Pain                     Necr           ####         1%          1    None
 Sting                    Tmut/Pois      ####         1%          1    None
 Call Imp                 Summ           ######..     1%          2    None
 Corpse Rot               Necr/Air       N/A          1%          2    None
 Passwall                 Tmut/Erth      ######..     1%          2    None
 Poisonous Vapours        Pois/Air       ######       1%          2    None
 Searing Ray              Conj           ######       1%          2    None
 Shroud of Golubria       Chrm/Tloc      ######       1%          2    None
 Slow                     Hex            ######..     1%          2    None
 Song of Slaying          Chrm           ######..     1%          2    None
 Sticks to Snakes         Tmut           ######..     1%          2    None
 Confuse                  Hex            ######..     1%          3    None
 Conjure Flame            Conj/Fire      ######..     1%          3    None
 Dazzling Flash           Conj/Hex       ######       1%          3    None
 Gell's Gravitas          Tloc           ######....   1%          3    None
 Ignite Poison            Fire/Tmut/Pois ######..     1%          3    None
 Lesser Beckoning         Tloc           ######....   1%          3    None
 Mephitic Cloud           Conj/Pois/Air  ######..     1%          3    None
 Ozocubu's Armour         Chrm/Ice       ######..     1%          3    None
 Spider Form              Tmut/Pois      ######....   1%          3    None
 Vampiric Draining        Necr           ######....   1%          3    None
 Animate Dead             Necr           N/A          1%          4    None
 Cause Fear               Hex            ######....   1%          4    None
 Fulminant Prism          Conj/Hex       ######....   1%          4    None
 Hailstorm                Conj/Ice       ######..     1%          4    None
 Ice Form                 Ice/Tmut       ######..     1%          4    None
 Iskenderun's Mystic Bla  Conj/Tloc      ######..     1%          4    None
 Leda's Liquefaction      Hex/Erth       ######....   1%          4    None
 Olgreb's Toxic Radiance  Pois           ######..     1%          4    None
 Petrify                  Tmut/Erth      ######..     1%          4    None
 Agony                    Necr           ######..     1%          5    ##.....
 Blade Hands              Tmut           ######....   1%          5    ##.....
 Bolt of Magma            Conj/Fire/Erth ######....   1%          5    ##.....
 Fireball                 Conj/Fire      ######....   1%          5    ##.....
 Irradiate                Conj/Tmut      ######....   1%          5    ##.....
 Iskenderun's Battlesphe  Conj/Chrm      ######..     1%          5    ##.....
 Metabolic Englaciation   Hex/Ice        ######....   1%          5    ##.....
 Silence                  Hex/Air        ######....   1%          5    ##.....
 Freezing Cloud           Conj/Ice/Air   ######....   4%          6    ####...
 Hydra Form               Tmut           ######....   4%          6    ####...
 Iron Shot                Conj/Erth      ######....   4%          6    ####...
 Ozocubu's Refrigeration  Ice            ######....   4%          6    ####...
 Simulacrum               Ice/Necr       ######....   4%          6    ####...
 Starburst                Conj/Fire      ######....   4%          6    ####...
 Statue Form              Tmut/Erth      ######...    4%          6    ####...
 Spellforged Servitor     Conj/Summ      ######....   19%         7    ######.
 Dragon Form              Tmut           ######....   26%         7    ######.
 Orb of Destruction       Conj           ######....   26%         7    ######.
 Ring of Flames           Chrm/Fire      ######....   26%         7    ######.
 Discord                  Hex            ######....   89%         8    #######
 Disjunction              Tloc           ######....   89%         8    #######
 Ignition                 Fire           ######....   89%         8    #######
 Shatter                  Erth           ######....   100%        9    #######


Dungeon Overview and Level Annotations

Branches:
Dungeon (15/15)            Temple (1/1) D:7            Lair (6/6) D:10
  Swamp (4/4) Lair:2       Spider (4/4) Lair:3        Slime (0/5) Lair:6
    Orc (2/2) D:10            Elf (3/3) Orc:2        Vaults (4/5) D:14
  Crypt (2/3) Vaults:2     Depths (0/5) D:15          IceCv (visited)
Volcano (visited)

Altars:
Ashenzari
Cheibriados
Dithmenos
Elyvilon
Fedhas
Gozag
Hepliaklqana
Kikubaaqudgha
Makhleb
Nemelex Xobeh
Okawaru
Qazlal
Ru
Uskayaw
Vehumet
Wu Jian
Xom
Yredelemnul
Zin
The Shining One
Beogh

Shops:
D:4 *   D:6 %   D:10 =:}   Orc:2 [*[(   Elf:1 ??   Vaults:2 ?   Vaults:3 =[

Annotations:
Swamp:3 3 runed translucent doors, Borgoz's ghost, adept GrFi; Mesmaeker13's ghost, adept DrCj; Roghewn's ghost, adept FoFi; TheNamelessOne's ghost, adept OpWr; kae's ghost, adept MiFi
Elf:2 3 runed translucent doors
Vaults:1 IDA + FDA
Vaults:2 8 runed translucent doors, Awazaost's ghost, veteran MiBe


Innate Abilities, Weirdness & Mutations

Your experience applies equally to all skills.
You have very sharp teeth.
Your uncanny sense of smell can sniff out nearby items.


Message History

There is a stone staircase leading down here.
Unknown command.
Casting: Dispel Undead (safe; 1% risk of failure)
Confirm with . or Enter, or press ? or * to list all spells.
You blink.
Casting: Blink (safe; 1% risk of failure)
Confirm with . or Enter, or press ? or * to list all spells.
You blink.
The jiangshi claws you!
* * * LOW HITPOINT WARNING * * *
The jiangshi draws strength from your injuries!
The jiangshi claws you.
* * * LOW HITPOINT WARNING * * *
The jiangshi draws strength from your injuries!
The jiangshi claws you but does no damage.
The jiangshi claws you!!
* * * LOW HITPOINT WARNING * * *
The jiangshi draws strength from your injuries!
The jiangshi claws you.
You die...
Your body crumbles into a pile of gold.

#..........##
#......./...#
#...........#
#...........#
#...........#
#########
#...........#
........#
#...........#
........#
#........§..#
#######.#
#.....@V...##
#..###......V..##
#....'.....§V[##
#....'.......##
#..###......## ##
#..# ########
.#####..#
..'.....#
..'.....#


You could see 3 jiangshi.

Vanquished Creatures
  Mara (Spider:3)
  Arachne (Spider:3)
  A tentacled monstrosity (Vaults:1)
  A lich (Vaults:3)
  3 deep elf blademasters
  A deep elf master archer (Elf:3)
  A sphinx (Vaults:1)
  A tentacled starspawn (Abyss:2)
  3 ancient champions
  A thorn hunter (Swamp:4)
  Roxanne (Spider:1)
  A storm dragon (Vaults:1)
  3 tengu reavers
  A revenant (Crypt:2)
  4 deep elf sorcerers (Elf:3)
  A frost giant (D:14)
  2 ghouls
  5 vault wardens
  2 emperor scorpions (Spider:4)
  2 ghost moths (Spider:4)
  6 deep elf elementalists
  4 ironheart preservers
  4 very ugly things
  7 stone giants
  3 entropy weavers
  3 deep elf demonologists
  A vampire knight (Vaults:1)
  A dire elephant (D:15)
  6 deep elf annihilators
  A spark wasp (Spider:4)
  4 ettins
  2 deep elf death magi
  4 jiangshi (Crypt:1)
  5 fire dragons
  7 yaktaur captains
  6 ogre magi
  A deep elf high priest (Elf:3)
  3 great orbs of eyes
  7 vault guards
  3 rakshasas (Abyss:2)
  An ice dragon (Vaults:3)
  A catoblepas (Lair:6)
  7 hydras
  2 ghost crabs
  9 centaur warriors
  19 two-headed ogres
  3 death knights
  5 death yaks
  4 vampire magi
  2 deep troll shamans
  An orc high priest (Elf:3)
  2 alligators (Swamp:3)
  A thrashing horror (Abyss:2)
  A storm dragon zombie (Vaults:4)
  A hell knight (Vaults:3)
  12 deep elf knights
  A skeletal warrior (D:11)
  An iron giant zombie (Crypt:1)
  2 large abominations (Elf:1)
  6 swamp dragons
  2 deep trolls (Vaults:3)
  An unseen horror (Vaults:1)
  3 flayed ghosts
  A lindwurm (Swamp:4)
  3 glowing orange brains
  7 wizards
  A shadow dragon zombie (Vaults:4)
  10 ironbrand convokers
  A harpy (shapeshifter) (Vaults:4)
  5 necromancers
  13 deep elf archers
  2 phantasmal warriors
  4 harpies (Vaults:2)
  34 deep elf magi
  10 orb spiders
  23 wolf spiders
  10 orc knights
  2 orc sorcerers
  8 ugly things
  3 human zombies (Vaults:4)
  A manticore (D:15)
  A cyclops (shapeshifter) (Vaults:4)
  5 cyclopes
  A stone giant zombie (Vaults:4)
  A sphinx skeleton (Vaults:4)
  A worldbinder (Abyss:2)
  11 elephants
  4 centaur zombies
  3 torpor snails
  2 black mambas
  A frost giant skeleton (Vaults:4)
  2 moths of wrath (Spider:4)
  A smoke demon (Abyss:2)
  7 vault sentinels
  2 naga magi (Vaults:3)
  A spectral iron troll (Crypt:1)
  An alligator snapping turtle zombie (Crypt:1)
  10 spiny frogs
  3 yaktaurs (shapeshifter)
  A rime drake (Lair:5)
  15 demonic crawlers
  2 efreet (Abyss:2)
  14 freezing wraiths
  6 komodo dragons
  27 yaktaurs
  A black draconian skeleton (Crypt:1)
  2 spectral deep trolls (Crypt:1)
  A catoblepas skeleton (Abyss:2)
  2 polar bears
  A troll (shapeshifter) (Vaults:2)
  A meliai (shapeshifter) (Vaults:4)
  5 tyrant leeches
  2 tengu conjurers (D:13)
  11 trolls
  10 hornets
  A sphinx simulacrum (Vaults:3)
  31 jumping spiders
  20 slime creatures
  A dream sheep (Lair:4)
  8 hippogriffs
  3 bog bodies
  4 blink frogs
  A fire giant simulacrum (Vaults:3)
  A hippogriff (shapeshifter) (Vaults:1)
  64 redbacks
  22 tarantellas
  2 wyverns
  6 spriggans
  4 shadows
  10 wraiths
  A spriggan (shapeshifter) (Vaults:4)
  2 air elementals
  A tarantella (shapeshifter) (Vaults:3)
  2 basilisks
  2 water elementals
  2 fire elementals (Elf:1)
  4 yaks
  A yaktaur simulacrum (Vaults:3)
  2 wargs
  2 vampire mosquitoes
  2 death yak simulacra (IceCv)
  14 swamp worms
  An acid dragon (D:15)
  8 water moccasins
  2 porcupines
  A deep troll skeleton (Vaults:3)
  7 swamp drakes
  5 ice beasts (IceCv)
  32 orc warriors
  A sky beast (D:9)
  A necrophage (D:14)
  A black bear (shapeshifter) (Vaults:1)
  An eye of draining (D:8)
  3 phantoms
  A black bear (Lair:6)
  21 centaurs
  19 ogres
  A lindwurm skeleton (Crypt:1)
  A boggart (Vaults:1)
  2 crocodiles
  7 wolves
  An elf zombie (Elf:1)
  2 big kobolds
  An earth elemental (Elf:3)
  A gnoll sergeant (D:8)
  11 bullfrogs
  A hippogriff skeleton (Crypt:1)
  A human skeleton (Vaults:3)
  2 scorpions
  5 killer bees (D:8)
  13 wights
  3 howler monkeys
  An electric eel (D:14)
  A lava snake (Swamp:4)
  3 crimson imps
  A draconian simulacrum (IceCv)
  3 bullfrog zombies
  4 hounds
  8 jellies
  9 orc priests
  A centaur skeleton (D:7)
  2 bullfrog skeletons
  A demonspawn skeleton (Crypt:1)
  2 iguanas
  13 orc wizards
  9 worker ants
  A troll simulacrum (IceCv)
  A spriggan simulacrum (IceCv)
  A wolf simulacrum (IceCv)
  A sky beast zombie (Crypt:1)
  2 centaur simulacra (IceCv)
  3 hound skeletons
  A howler monkey zombie (D:8)
  A worker ant zombie (D:9)
  8 adders
  4 gnolls
  3 naga simulacra (IceCv)
  3 shadow imps
  5 white imps
  An ufetubus (Abyss:2)
  3 oozes
  An adder skeleton (D:6)
  A lava snake skeleton (Crypt:1)
  A worm (D:4)
  4 leopard geckos
  61 orcs
  A ball python (D:4)
  6 giant cockroaches
  5 goblins
  6 hobgoblins
  5 jackals
  7 quokkas
  9 bats
  4 frilled lizards
  A jackal zombie (D:6)
  22 kobolds
  An orc zombie (Crypt:1)
  3 rats
  A fungus (Lair:4)
  A starspawn tentacle (Abyss:2)
1102 creatures vanquished.

Vanquished Creatures (collateral kills)
  Sojobo (Vaults:2)
  Xtahua (Crypt:1)
  Margery (Vaults:3)
  Nikola (Spider:3)
  A golden dragon (Vaults:1)
  Jorgrun (Orc:2)
  A deep elf blademaster (Elf:3)
  A deep elf master archer (Elf:3)
  Gastronok (Lair:1)
  A tentacled starspawn (Abyss:2)
  2 tengu reavers
  4 deep elf sorcerers
  A vault warden (Vaults:1)
  Louise (Spider:3)
  2 emperor scorpions
  A deep elf elementalist (Elf:3)
  An entropy weaver (Spider:2)
  A war gargoyle (Vaults:1)
  A very ugly thing (Vaults:1)
  5 deep elf annihilators
  4 deep elf demonologists (Elf:3)
  Snorg (Orc:2)
  6 deep elf death magi (Elf:3)
  7 deep elf high priests (Elf:3)
  A yaktaur captain (Vaults:2)
  Josephine (D:11)
  A vault guard (Vaults:1)
  A rakshasa (Abyss:2)
  12 hydras
  An ogre mage (Vaults:2)
  Erica (D:9)
  6 alligators
  2 death knights
  An anaconda (shapeshifter) (Elf:3)
  5 two-headed ogres
  A shambling mangrove (Swamp:2)
  A death yak (Lair:6)
  5 dancing weapons
  An orc high priest (Elf:3)
  A thrashing horror (Abyss:2)
  A hell knight (Vaults:3)
  5 deep elf knights
  2 skeletal warriors (D:11)
  A fire crab (Swamp:4)
  4 spriggan druids (Swamp:4)
  3 unseen horrors
  A wizard (Vaults:2)
  4 swamp dragons
  A lindwurm (Lair:6)
  5 deep elf archers
  A necromancer (IceCv)
  7 ugly things
  An orc knight (Orc:2)
  An oklob plant (Spider:3)
  9 orb spiders
  2 statues (D:11)
  13 deep elf magi
  A manticore (D:14)
  9 wolf spiders
  2 salamanders (Volcano)
  2 black mambas (Lair:3)
  2 vault sentinels
  4 elephants
  A cyclops (shapeshifter) (Elf:3)
  An ice statue (IceCv)
  2 centaur zombies
  9 spiny frogs
  3 torpor snails
  3 gargoyles
  5 komodo dragons
  A spectral deep troll (Crypt:1)
  2 yaktaurs
  7 freezing wraiths
  2 ice devils (D:12)
  The ghost of KrasnyyBoyets the Ruffian, an amateur TrFi of Okawaru (D:4)
  4 trolls
  3 blink frogs
  8 jumping spiders
  Prince Ribbit (D:8)
  17 slime creatures
  8 tyrant leeches
  4 bog bodies
  12 hornets
  6 hippogriffs
  3 dream sheep (Lair:4)
  A shadow (D:13)
  An air elemental (Elf:2)
  6 tarantellas
  8 spriggans
  A water elemental (D:14)
  3 wraiths
  20 redbacks
  A fire bat (Volcano)
  28 yaks
  2 fire elementals
  A basilisk (Lair:3)
  3 hogs (D:7)
  2 humans
  A neqoxec (Abyss:2)
  3 hungry ghosts
  Grum (D:8)
  A steam dragon (Swamp:4)
  3 wargs
  A large abomination (Elf:1)
  2 swamp worms
  4 vampire mosquitoes
  3 water moccasins
  2 hell hounds (Volcano)
  4 porcupines
  A swamp drake (Swamp:4)
  2 sky beasts
  24 orc warriors
  5 black bears
  2 ice beasts
  14 centaurs
  A necrophage (D:9)
  An ettin simulacrum (Vaults:3)
  4 ogres
  2 phantoms
  14 wolves
  6 crocodiles
  4 bullfrogs
  3 elf zombies (Elf:1)
  A wyvern zombie (D:10)
  An earth elemental (Elf:1)
  A water moccasin zombie (D:8)
  A wyvern skeleton (D:13)
  3 scorpions
  4 killer bees (D:8)
  19 wights
  3 howler monkeys
  An electric eel (D:11)
  5 crimson imps
  A bullfrog zombie (D:9)
  A hound (D:11)
  2 draconian simulacra (IceCv)
  12 orc wizards
  8 jellies
  9 orc priests
  2 bullfrog skeletons
  A centaur skeleton (D:7)
  2 iguanas (Lair:2)
  9 worker ants
  2 spriggan simulacra (IceCv)
  3 troll simulacra (IceCv)
  A wolf simulacrum (IceCv)
  A killer bee zombie (D:7)
  2 centaur simulacra (IceCv)
  A naga simulacrum (IceCv)
  4 adders
  3 gnolls (D:6)
  2 ogre simulacra (IceCv)
  2 shadow imps
  8 white imps (IceCv)
  4 oozes (Lair:6)
  An adder zombie (D:6)
  2 worms (D:6)
  3 leopard geckos
  53 orcs
  7 jackals
  2 quokka skeletons
  5 bushes
  5 fungi
  A plant (D:14)
  A starspawn tentacle (Abyss:2)
656 creatures vanquished.

Vanquished Creatures (others)
  A tentacled monstrosity (Swamp:1)
  2 eldritch tentacles (Vaults:2)
  A deep elf elementalist (Elf:3)
  A stone giant (Vaults:4)
  2 hydras (Swamp:4)
  10 dancing weapons
  A deep elf knight (Elf:1)
  A skeletal warrior (D:11)
  A swamp dragon (Swamp:4)
  A lindwurm (Swamp:4)
  A wolf spider (Spider:4)
  A hornet (Spider:4)
  An oklob plant (Spider:3)
  A slime creature (Swamp:4)
  A spriggan (D:9)
  A tarantella (Spider:4)
  4 steam dragons (Swamp:4)
  4 swamp drakes (Swamp:4)
  An eye of draining (D:11)
  A crimson imp (D:14)
  5 fungi
  10 plants
  10 spectral weapons
  3 starspawn tentacles (Abyss:2)
65 creatures vanquished.

Grand Total: 1823 creatures vanquished

Notes
Turn   | Place    | Note
-------+----------+-------------------------------------------
     0 | D:1      | mopl the Gnoll Summoner began the quest for the Orb.
     0 | D:1      | Reached XP level 1. HP: 13/13 MP: 6/6
   201 | D:1      | Reached XP level 2. HP: 10/19 MP: 7/7
   207 | D:1      | Learned a level 2 spell: Call Imp
   740 | D:1      | Reached skill level 5 in Spellcasting
   740 | D:1      | Reached XP level 3. HP: 18/25 MP: 7/9
   750 | D:1      | Learned a level 3 spell: Call Canine Familiar
   756 | D:1      | Learned a level 3 spell: Summon Guardian Golem
  1121 | D:2      | Reached skill level 1 in Invocations
  1296 | D:2      | Reached skill level 1 in Fighting
  1296 | D:2      | Reached skill level 1 in Short Blades
  1296 | D:2      | Reached skill level 1 in Long Blades
  1296 | D:2      | Reached skill level 1 in Axes
  1296 | D:2      | Reached skill level 1 in Maces & Flails
  1296 | D:2      | Reached skill level 1 in Polearms
  1296 | D:2      | Reached skill level 1 in Staves
  1296 | D:2      | Reached skill level 1 in Slings
  1296 | D:2      | Reached skill level 1 in Bows
  1296 | D:2      | Reached skill level 1 in Crossbows
  1296 | D:2      | Reached skill level 1 in Throwing
  1296 | D:2      | Reached skill level 1 in Armour
  1296 | D:2      | Reached skill level 1 in Shields
  1296 | D:2      | Reached skill level 1 in Unarmed Combat
  1296 | D:2      | Reached skill level 1 in Evocations
  1433 | D:2      | You fall into a shaft and drop 2 floors!
  1574 | D:4      | Reached XP level 4. HP: 15/32 MP: 0/11
  1914 | D:4      | Noticed an ogre
  1921 | D:4      | Killed an ogre
  1921 | D:4      | Reached skill level 1 in Conjurations
  1921 | D:4      | Reached skill level 1 in Hexes
  1921 | D:4      | Reached skill level 1 in Charms
  1921 | D:4      | Reached skill level 1 in Necromancy
  1921 | D:4      | Reached skill level 1 in Translocations
  1921 | D:4      | Reached skill level 1 in Transmutations
  1921 | D:4      | Reached skill level 1 in Fire Magic
  1921 | D:4      | Reached skill level 1 in Ice Magic
  1921 | D:4      | Reached skill level 1 in Air Magic
  1921 | D:4      | Reached skill level 1 in Earth Magic
  1921 | D:4      | Reached skill level 1 in Poison Magic
  1921 | D:4      | Reached XP level 5. HP: 37/37 MP: 3/12
  1937 | D:4      | Learned a level 4 spell: Summon Ice Beast
  2179 | D:2      | Found a faded altar of an unknown god.
  3146 | D:3      | HP: 1/37 [poisoned by an adder]
  3488 | D:3      | Reached XP level 6. HP: 15/44 MP: 13/13
  3854 | D:4      | Reached skill level 2 in Invocations
  3907 | D:4      | Noticed KrasnyyBoyets's ghost (amateur TrFi)
  3908 | D:4      | Found a runed translucent gate.
  3909 | D:4      | Found a runed translucent gate.
  3909 | D:4      | Found a runed translucent gate.
  3979 | D:4      | Killed KrasnyyBoyets's ghost
  3979 | D:4      | Reached skill level 2 in Fighting
  3979 | D:4      | Reached skill level 2 in Short Blades
  3979 | D:4      | Reached skill level 2 in Long Blades
  3979 | D:4      | Reached skill level 2 in Axes
  3979 | D:4      | Reached skill level 2 in Maces & Flails
  3979 | D:4      | Reached skill level 2 in Polearms
  3979 | D:4      | Reached skill level 2 in Staves
  3979 | D:4      | Reached skill level 2 in Slings
  3979 | D:4      | Reached skill level 2 in Bows
  3979 | D:4      | Reached skill level 2 in Crossbows
  3979 | D:4      | Reached skill level 2 in Throwing
  3979 | D:4      | Reached skill level 2 in Armour
  3979 | D:4      | Reached skill level 5 in Dodging
  3979 | D:4      | Reached skill level 2 in Shields
  3979 | D:4      | Reached skill level 2 in Unarmed Combat
  3979 | D:4      | Reached skill level 2 in Evocations
  4239 | D:4      | Noticed a phantom
  4257 | D:4      | Killed a phantom
  4257 | D:4      | Reached XP level 7. HP: 45/50 MP: 15/15
  4525 | D:4      | Found Dil Koax's Serpentskin Sales.
  4530 | D:4      | Reached skill level 2 in Conjurations
  4530 | D:4      | Reached skill level 2 in Hexes
  4530 | D:4      | Reached skill level 2 in Charms
  4530 | D:4      | Reached skill level 2 in Necromancy
  4530 | D:4      | Reached skill level 2 in Translocations
  4530 | D:4      | Reached skill level 2 in Transmutations
  4530 | D:4      | Reached skill level 2 in Fire Magic
  4530 | D:4      | Reached skill level 2 in Ice Magic
  4530 | D:4      | Reached skill level 2 in Air Magic
  4530 | D:4      | Reached skill level 2 in Earth Magic
  4530 | D:4      | Reached skill level 2 in Poison Magic
  4539 | D:4      | Bought 2 curare-tipped darts for 16 gold pieces
  5085 | D:5      | Entered Level 5 of the Dungeon
  5124 | D:5      | Reached skill level 5 in Stealth
  5175 | D:5      | Reached skill level 3 in Invocations
  5301 | D:5      | Reached XP level 8. HP: 41/57 MP: 16/16
  5311 | D:5      | Learned a level 4 spell: Summon Lightning Spire
  5375 | D:5      | Reached skill level 3 in Fighting
  5375 | D:5      | Reached skill level 3 in Short Blades
  5375 | D:5      | Reached skill level 3 in Long Blades
  5375 | D:5      | Reached skill level 3 in Axes
  5375 | D:5      | Reached skill level 3 in Maces & Flails
  5375 | D:5      | Reached skill level 3 in Polearms
  5375 | D:5      | Reached skill level 3 in Staves
  5375 | D:5      | Reached skill level 3 in Slings
  5375 | D:5      | Reached skill level 3 in Bows
  5375 | D:5      | Reached skill level 3 in Crossbows
  5375 | D:5      | Reached skill level 3 in Throwing
  5375 | D:5      | Reached skill level 3 in Armour
  5375 | D:5      | Reached skill level 3 in Shields
  5375 | D:5      | Reached skill level 3 in Unarmed Combat
  5375 | D:5      | Reached skill level 3 in Evocations
  5494 | D:5      | Reached skill level 6 in Spellcasting
  6276 | D:5      | Upgraded the game from 0.25-a0-356-g7c9d860b3b to
                  | 0.25-a0-364-ge76b031baf
  6696 | D:6      | Found the +10 Black Knight's horse barding {ponderous,
                  | rPois rN+}
  6844 | D:6      | Found a hide-covered altar of Uskayaw.
  7097 | D:6      | Reached skill level 3 in Conjurations
  7097 | D:6      | Reached skill level 3 in Hexes
  7097 | D:6      | Reached skill level 3 in Charms
  7097 | D:6      | Reached skill level 3 in Necromancy
  7097 | D:6      | Reached skill level 3 in Translocations
  7097 | D:6      | Reached skill level 3 in Transmutations
  7097 | D:6      | Reached skill level 3 in Fire Magic
  7097 | D:6      | Reached skill level 3 in Ice Magic
  7097 | D:6      | Reached skill level 3 in Air Magic
  7097 | D:6      | Reached skill level 3 in Earth Magic
  7097 | D:6      | Reached skill level 3 in Poison Magic
  7097 | D:6      | Reached skill level 4 in Invocations
  7102 | D:6      | mopl: !lg * su won s=god
  7102 | D:6      | mopl: !lg .
  7224 | D:6      | Found Jigac's Food Shop.
  7232 | D:6      | meem: 1694 games for * (su won): 365x Sif Muna, 194x
                  | Ashenzari, 128x Okawaru, 121x Gozag, 100x The Shining One,
                  | 86x Cheibriados, 84x Vehumet, 70x Ru, 66x Kikubaaqudgha,
                  | 65x Makhleb, 50x Hepliaklqana, 47x Trog, 46x, 40x Nemelex
                  | Xobeh, 31x Yredelemnul, 29x Dithmenos, 28x Fedhas, 26x Zin,
                  | 23x Jiyva, 16x Uskayaw, 16x Beogh, 15x Qazlal, 15x Wu Jian,
                  | 14x Elyvilon, 13x Lugonu, 4x Xom, 2x Pakellas
  7232 | D:6      | meem: 5222. mopl the Chucker (L4 TrAM), succumbed to
                  | kobold's curare-tipped dart on D:3 on 2020-01-04 06:08:37,
                  | with 126 points after 1513 turns and 0:04:13.
  7297 | D:7      | Reached skill level 6 in Dodging
  7297 | D:7      | Reached XP level 9. HP: 65/65 MP: 18/18
  7371 | D:7      | Noticed a two-headed ogre
  7382 | D:7      | Killed a two-headed ogre
  7382 | D:7      | Reached skill level 4 in Fighting
  7382 | D:7      | Reached skill level 4 in Short Blades
  7382 | D:7      | Reached skill level 4 in Long Blades
  7382 | D:7      | Reached skill level 4 in Axes
  7382 | D:7      | Reached skill level 4 in Maces & Flails
  7382 | D:7      | Reached skill level 4 in Polearms
  7382 | D:7      | Reached skill level 4 in Staves
  7382 | D:7      | Reached skill level 4 in Slings
  7382 | D:7      | Reached skill level 4 in Bows
  7382 | D:7      | Reached skill level 4 in Crossbows
  7382 | D:7      | Reached skill level 4 in Throwing
  7382 | D:7      | Reached skill level 4 in Armour
  7382 | D:7      | Reached skill level 4 in Shields
  7382 | D:7      | Reached skill level 4 in Unarmed Combat
  7382 | D:7      | Reached skill level 4 in Evocations
  7420 | D:7      | Found a staircase to the Ecumenical Temple.
  7427 | Temple   | Entered the Ecumenical Temple
  7589 | Temple   | Became a worshipper of Gozag Ym Sagoz the Greedy
  7755 | D:7      | Reached skill level 6 in Stealth
  7755 | D:7      | Reached skill level 8 in Summonings
  8161 | D:7      | Reached skill level 5 in Invocations
  8465 | D:8      | Noticed Prince Ribbit
  8478 | D:8      | Killed Prince Ribbit
  8517 | D:8      | Reached XP level 10. HP: 73/73 MP: 20/20
  8605 | D:8      | Reached skill level 7 in Spellcasting
  8629 | D:8      | Reached skill level 4 in Conjurations
  8629 | D:8      | Reached skill level 4 in Hexes
  8629 | D:8      | Reached skill level 4 in Charms
  8629 | D:8      | Reached skill level 4 in Necromancy
  8629 | D:8      | Reached skill level 4 in Translocations
  8629 | D:8      | Reached skill level 4 in Transmutations
  8629 | D:8      | Reached skill level 4 in Fire Magic
  8629 | D:8      | Reached skill level 4 in Ice Magic
  8629 | D:8      | Reached skill level 4 in Air Magic
  8629 | D:8      | Reached skill level 4 in Earth Magic
  8629 | D:8      | Reached skill level 4 in Poison Magic
  8711 | D:8      | Noticed Grum
  8745 | D:8      | Reached skill level 5 in Fighting
  8745 | D:8      | Reached skill level 5 in Short Blades
  8745 | D:8      | Reached skill level 5 in Long Blades
  8745 | D:8      | Reached skill level 5 in Axes
  8745 | D:8      | Reached skill level 5 in Maces & Flails
  8745 | D:8      | Reached skill level 5 in Polearms
  8745 | D:8      | Reached skill level 5 in Staves
  8745 | D:8      | Reached skill level 5 in Slings
  8745 | D:8      | Reached skill level 5 in Bows
  8745 | D:8      | Reached skill level 5 in Crossbows
  8745 | D:8      | Reached skill level 5 in Throwing
  8745 | D:8      | Reached skill level 5 in Armour
  8745 | D:8      | Reached skill level 5 in Shields
  8745 | D:8      | Reached skill level 5 in Unarmed Combat
  8745 | D:8      | Reached skill level 5 in Evocations
  8789 | D:8      | Killed Grum
  9796 | D:9      | Reached skill level 7 in Dodging
 10237 | D:9      | Noticed a purple ugly thing
 10251 | D:9      | Killed a purple ugly thing
 10251 | D:9      | Reached skill level 7 in Stealth
 10251 | D:9      | Reached skill level 6 in Invocations
 10725 | D:9      | Reached XP level 11. HP: 60/81 MP: 22/22
 11182 | D:9      | Noticed Erica
 11218 | D:9      | Killed Erica
 11802 | D:10     | Entered Level 10 of the Dungeon
 11831 | D:10     | Found a flagged portal.
 11870 | D:10     | Found a staircase to the Orcish Mines.
 11997 | D:10     | Reached skill level 6 in Fighting
 11997 | D:10     | Reached skill level 6 in Short Blades
 11997 | D:10     | Reached skill level 6 in Long Blades
 11997 | D:10     | Reached skill level 6 in Axes
 11997 | D:10     | Reached skill level 6 in Maces & Flails
 11997 | D:10     | Reached skill level 6 in Polearms
 11997 | D:10     | Reached skill level 6 in Staves
 11997 | D:10     | Reached skill level 6 in Slings
 11997 | D:10     | Reached skill level 6 in Bows
 11997 | D:10     | Reached skill level 6 in Crossbows
 11997 | D:10     | Reached skill level 6 in Throwing
 11997 | D:10     | Reached skill level 6 in Armour
 11997 | D:10     | Reached skill level 6 in Shields
 11997 | D:10     | Reached skill level 6 in Unarmed Combat
 11997 | D:10     | Reached skill level 6 in Evocations
 12046 | D:10     | Reached skill level 5 in Conjurations
 12046 | D:10     | Reached skill level 5 in Hexes
 12046 | D:10     | Reached skill level 5 in Charms
 12046 | D:10     | Reached skill level 5 in Necromancy
 12046 | D:10     | Reached skill level 5 in Translocations
 12046 | D:10     | Reached skill level 5 in Transmutations
 12046 | D:10     | Reached skill level 5 in Fire Magic
 12046 | D:10     | Reached skill level 5 in Ice Magic
 12046 | D:10     | Reached skill level 5 in Air Magic
 12046 | D:10     | Reached skill level 5 in Earth Magic
 12046 | D:10     | Reached skill level 5 in Poison Magic
 12051 | D:10     | Found a staircase to the Lair.
 12467 | D:10     | Reached skill level 8 in Spellcasting
 12658 | D:10     | Found Sacul's Gadget Boutique.
 12885 | D:11     | Noticed a four-headed hydra
 12895 | D:11     | Killed a four-headed hydra
 13116 | D:11     | Noticed Josephine
 13132 | D:11     | Killed Josephine
 13132 | D:11     | Reached skill level 9 in Summonings
 13132 | D:11     | Reached skill level 7 in Invocations
 13148 | D:11     | Reached skill level 8 in Dodging
 13153 | D:11     | Noticed a green ugly thing
 13160 | D:11     | Killed a green ugly thing
 13191 | D:11     | Noticed a purple ugly thing
 13198 | D:11     | Killed a purple ugly thing
 13200 | D:11     | Noticed a skeletal warrior
 13201 | D:11     | Noticed a skeletal warrior
 13201 | D:11     | Noticed a skeletal warrior
 13207 | D:11     | Noticed a skeletal warrior
 13217 | D:11     | Killed a skeletal warrior
 13224 | D:11     | Killed a skeletal warrior
 13230 | D:11     | Killed a skeletal warrior
 13233 | D:11     | Killed a skeletal warrior
 13233 | D:11     | Reached skill level 8 in Stealth
 13233 | D:11     | Reached XP level 12. HP: 79/89 MP: 1/24
 13400 | D:11     | Noticed Sonja
 13406 | D:11     | Noticed Sonja
 13406 | D:11     | Sonja changed into Sonja the human
 13425 | D:11     | Killed Sonja the human
 14152 | D:11     | Got a crude broad axe
 14153 | D:11     | Identified the +5 broad axe "Liophy Tyir" {drain, rPois
                  | Str+3 Dex-3} (You found it on level 11 of the Dungeon)
 14413 | Lair:1   | Entered Level 1 of the Lair of Beasts
 14541 | Lair:1   | Reached skill level 7 in Fighting
 14541 | Lair:1   | Reached skill level 7 in Short Blades
 14541 | Lair:1   | Reached skill level 7 in Long Blades
 14541 | Lair:1   | Reached skill level 7 in Axes
 14541 | Lair:1   | Reached skill level 7 in Maces & Flails
 14541 | Lair:1   | Reached skill level 7 in Polearms
 14541 | Lair:1   | Reached skill level 7 in Staves
 14541 | Lair:1   | Reached skill level 7 in Slings
 14541 | Lair:1   | Reached skill level 7 in Bows
 14541 | Lair:1   | Reached skill level 7 in Crossbows
 14541 | Lair:1   | Reached skill level 7 in Throwing
 14541 | Lair:1   | Reached skill level 7 in Armour
 14541 | Lair:1   | Reached skill level 7 in Shields
 14541 | Lair:1   | Reached skill level 7 in Unarmed Combat
 14541 | Lair:1   | Reached skill level 7 in Evocations
 14647 | Lair:1   | Found a dark tunnel.
 14656 | Volcano  | Entered a volcano
 14683 | Volcano  | Noticed a two-headed ogre
 14685 | Volcano  | Noticed a two-headed ogre
 14695 | Volcano  | Killed a two-headed ogre
 14695 | Volcano  | Killed a two-headed ogre
 14713 | Volcano  | Reached skill level 6 in Conjurations
 14713 | Volcano  | Reached skill level 6 in Hexes
 14713 | Volcano  | Reached skill level 6 in Charms
 14713 | Volcano  | Reached skill level 6 in Necromancy
 14713 | Volcano  | Reached skill level 6 in Translocations
 14713 | Volcano  | Reached skill level 6 in Transmutations
 14713 | Volcano  | Reached skill level 6 in Fire Magic
 14713 | Volcano  | Reached skill level 6 in Ice Magic
 14713 | Volcano  | Reached skill level 6 in Air Magic
 14713 | Volcano  | Reached skill level 6 in Earth Magic
 14713 | Volcano  | Reached skill level 6 in Poison Magic
 15115 | Lair:1   | Got a thick robe
 15116 | Lair:1   | Identified the +4 robe "Taywuon" {MR- Dex+4 SInv} (You
                  | found it on level 1 of the Lair of Beasts)
 15173 | Lair:1   | Noticed Gastronok
 15183 | Lair:1   | Killed Gastronok
 15183 | Lair:1   | Reached skill level 8 in Invocations
 15503 | Lair:2   | Reached skill level 9 in Spellcasting
 15553 | Lair:2   | Found a staircase to the Swamp.
 16417 | Lair:3   | Found a radiant altar of Vehumet.
 16497 | Lair:3   | Noticed a five-headed hydra
 16504 | Lair:3   | Killed a five-headed hydra
 16524 | Lair:3   | Reached skill level 9 in Dodging
 16770 | Lair:3   | Found a hole to the Spider Nest.
 17203 | Lair:3   | Reached XP level 13. HP: 98/98 MP: 26/26
 17241 | Lair:3   | Got a slimy spear
 17242 | Lair:3   | Identified the +6 spear of Bushoipt {elec, *Drain +Blink
                  | rElec Stlth+} (You found it on level 3 of the Lair of
                  | Beasts)
 17757 | Lair:4   | Reached skill level 9 in Stealth
 18224 | Lair:4   | Reached skill level 8 in Fighting
 18224 | Lair:4   | Reached skill level 8 in Short Blades
 18224 | Lair:4   | Reached skill level 8 in Long Blades
 18224 | Lair:4   | Reached skill level 8 in Axes
 18224 | Lair:4   | Reached skill level 8 in Maces & Flails
 18224 | Lair:4   | Reached skill level 8 in Polearms
 18224 | Lair:4   | Reached skill level 8 in Staves
 18224 | Lair:4   | Reached skill level 8 in Slings
 18224 | Lair:4   | Reached skill level 8 in Bows
 18224 | Lair:4   | Reached skill level 8 in Crossbows
 18224 | Lair:4   | Reached skill level 8 in Throwing
 18224 | Lair:4   | Reached skill level 8 in Armour
 18224 | Lair:4   | Reached skill level 8 in Shields
 18224 | Lair:4   | Reached skill level 8 in Unarmed Combat
 18224 | Lair:4   | Reached skill level 8 in Evocations
 18589 | Lair:5   | You fall into a shaft and drop 1 floor!
 18589 | Lair:6   | Entered Level 6 of the Lair of Beasts
 18645 | Lair:6   | Found a staircase to the Slime Pits.
 18837 | Lair:5   | Found a basalt altar of Yredelemnul.
 18864 | Lair:5   | Reached skill level 9 in Invocations
 19450 | Lair:6   | Reached skill level 10 in Summonings
 19661 | Lair:6   | Reached skill level 7 in Conjurations
 19661 | Lair:6   | Reached skill level 7 in Hexes
 19661 | Lair:6   | Reached skill level 7 in Charms
 19661 | Lair:6   | Reached skill level 7 in Necromancy
 19661 | Lair:6   | Reached skill level 7 in Translocations
 19661 | Lair:6   | Reached skill level 7 in Transmutations
 19661 | Lair:6   | Reached skill level 7 in Fire Magic
 19661 | Lair:6   | Reached skill level 7 in Ice Magic
 19661 | Lair:6   | Reached skill level 7 in Air Magic
 19661 | Lair:6   | Reached skill level 7 in Earth Magic
 19661 | Lair:6   | Reached skill level 7 in Poison Magic
 19989 | Lair:6   | Got a faintly glowing crystal plate armour
 20011 | Lair:6   | Identified the +1 crystal plate armour "Litaylyu" {rElec
                  | Str+2 Stlth+} (You found it on level 6 of the Lair of
                  | Beasts)
 20052 | Lair:6   | Reached skill level 10 in Spellcasting
 20519 | D:10     | Reached XP level 14. HP: 102/106 MP: 28/28
 20549 | Orc:1    | Entered Level 1 of the Orcish Mines
 20682 | Orc:1    | Found a roughly hewn altar of Beogh.
 21068 | Orc:2    | Entered Level 2 of the Orcish Mines
 21265 | Orc:2    | Found an iron altar of Okawaru.
 21457 | Orc:2    | Reached skill level 10 in Dodging
 21575 | Orc:2    | Found Viry's General Store.
 21575 | Orc:2    | Found Nuudgh's Armour Shoppe.
 21578 | Orc:2    | Found Usorioj's Weapon Emporium.
 21580 | Orc:2    | Found Ymeosch's Antique Armour Boutique.
 21584 | Orc:2    | Bought a scroll of identify for 34 gold pieces
 21584 | Orc:2    | Bought a potion of might for 68 gold pieces
 21700 | Orc:2    | Noticed Jorgrun
 21732 | Orc:2    | Killed Jorgrun
 21793 | Orc:2    | Found a staircase to the Elven Halls.
 21793 | Orc:2    | Noticed Snorg
 21810 | Orc:2    | Killed Snorg
 21810 | Orc:2    | Reached skill level 9 in Fighting
 21810 | Orc:2    | Reached skill level 9 in Short Blades
 21810 | Orc:2    | Reached skill level 9 in Long Blades
 21810 | Orc:2    | Reached skill level 9 in Axes
 21810 | Orc:2    | Reached skill level 9 in Maces & Flails
 21810 | Orc:2    | Reached skill level 9 in Polearms
 21810 | Orc:2    | Reached skill level 9 in Staves
 21810 | Orc:2    | Reached skill level 9 in Slings
 21810 | Orc:2    | Reached skill level 9 in Bows
 21810 | Orc:2    | Reached skill level 9 in Crossbows
 21810 | Orc:2    | Reached skill level 9 in Throwing
 21810 | Orc:2    | Reached skill level 9 in Armour
 21810 | Orc:2    | Reached skill level 9 in Shields
 21810 | Orc:2    | Reached skill level 9 in Unarmed Combat
 21810 | Orc:2    | Reached skill level 9 in Evocations
 22335 | D:12     | Found a frozen archway.
 22348 | D:12     | Reached skill level 10 in Stealth
 22370 | IceCv    | Entered an ice cave
 22699 | IceCv    | Found an ancient bone altar of Kikubaaqudgha.
 23309 | D:12     | Reached skill level 10 in Invocations
 24458 | D:13     | Found a sparkling altar of Nemelex Xobeh.
 25291 | D:14     | Got a faintly humming robe
 25292 | D:14     | Identified the +1 robe of the Tortoise {*Corrode rPois
                  | Int+4 Stlth+} (You found it on level 14 of the Dungeon)
 25318 | D:14     | Found a gate to the Vaults.
 25437 | D:14     | Found a glowing golden altar of the Shining One.
 25543 | D:14     | Reached skill level 8 in Conjurations
 25543 | D:14     | Reached skill level 8 in Hexes
 25543 | D:14     | Reached skill level 8 in Charms
 25543 | D:14     | Reached skill level 8 in Necromancy
 25543 | D:14     | Reached skill level 8 in Translocations
 25543 | D:14     | Reached skill level 8 in Transmutations
 25543 | D:14     | Reached skill level 8 in Fire Magic
 25543 | D:14     | Reached skill level 8 in Ice Magic
 25543 | D:14     | Reached skill level 8 in Air Magic
 25543 | D:14     | Reached skill level 8 in Earth Magic
 25543 | D:14     | Reached skill level 8 in Poison Magic
 25752 | D:14     | Reached XP level 15. HP: 106/114 MP: 29/29
 26216 | D:15     | Entered Level 15 of the Dungeon
 26953 | D:15     | Found a staircase to the Depths.
 27351 | Lair:1   | Learned a level 6 spell: Deflect Missiles
 27439 | Elf:1    | Entered Level 1 of the Elven Halls
 27443 | Elf:1    | Reached skill level 11 in Spellcasting
 27582 | Elf:1    | Identified the Tome of Sinister Rites
 27590 | Elf:1    | Learned a level 5 spell: Excruciating Wounds
 27618 | Elf:1    | Found Eziohojo's Magic Scroll Emporium.
 27638 | Elf:1    | Bought a scroll of fear for 42 gold pieces
 27638 | Elf:1    | Bought a scroll of teleportation for 36 gold pieces
 27638 | Elf:1    | Bought a scroll of fear for 42 gold pieces
 27638 | Elf:1    | Bought a scroll of immolation for 42 gold pieces
 27638 | Elf:1    | Bought a scroll of identify for 24 gold pieces
 27638 | Elf:1    | Bought a scroll of identify for 24 gold pieces
 27638 | Elf:1    | Bought a scroll of identify for 24 gold pieces
 27638 | Elf:1    | Bought a scroll of magic mapping for 42 gold pieces
 27638 | Elf:1    | Bought a scroll of identify for 24 gold pieces
 27638 | Elf:1    | Bought a scroll of fog for 24 gold pieces
 27640 | Elf:1    | Found Witiu's Magic Scroll Shoppe.
 27694 | Elf:1    | Reached skill level 10 in Fighting
 27694 | Elf:1    | Reached skill level 10 in Short Blades
 27694 | Elf:1    | Reached skill level 10 in Long Blades
 27694 | Elf:1    | Reached skill level 10 in Axes
 27694 | Elf:1    | Reached skill level 10 in Maces & Flails
 27694 | Elf:1    | Reached skill level 10 in Polearms
 27694 | Elf:1    | Reached skill level 10 in Staves
 27694 | Elf:1    | Reached skill level 10 in Slings
 27694 | Elf:1    | Reached skill level 10 in Bows
 27694 | Elf:1    | Reached skill level 10 in Crossbows
 27694 | Elf:1    | Reached skill level 10 in Throwing
 27694 | Elf:1    | Reached skill level 10 in Armour
 27694 | Elf:1    | Reached skill level 10 in Shields
 27694 | Elf:1    | Reached skill level 10 in Unarmed Combat
 27694 | Elf:1    | Reached skill level 10 in Evocations
 27710 | Elf:1    | Reached skill level 11 in Dodging
 27875 | Elf:1    | Bought a scroll of teleportation for 45 gold pieces
 27875 | Elf:1    | Bought a scroll of teleportation for 45 gold pieces
 27875 | Elf:1    | Bought a scroll of magic mapping for 52 gold pieces
 27875 | Elf:1    | Bought a scroll of fog for 30 gold pieces
 27875 | Elf:1    | Bought a scroll of magic mapping for 52 gold pieces
 27875 | Elf:1    | Bought a scroll of identify for 30 gold pieces
 27875 | Elf:1    | Bought a scroll of identify for 30 gold pieces
 28164 | Orc:2    | Reached skill level 11 in Summonings
 28330 | Elf:1    | Reached skill level 11 in Invocations
 28525 | Elf:1    | Cast into level 2 of the Abyss (+0 hand axe of distortion)
 28525 | Abyss:2  | Found a corrupted altar of Lugonu.
 28617 | Abyss:2  | Found a corrupted altar of Lugonu.
 28700 | Abyss:2  | Noticed a tentacled starspawn
 28722 | Abyss:2  | Killed a tentacled starspawn
 28740 | Abyss:2  | Reached skill level 11 in Stealth
 28841 | Abyss:2  | Found a corrupted altar of Lugonu.
 28880 | Abyss:2  | Noticed a tentacled starspawn
 28899 | Abyss:2  | Killed a tentacled starspawn
 28991 | Abyss:2  | Found a corrupted altar of Lugonu.
 29075 | Abyss:2  | Reached XP level 16. HP: 81/123 MP: 28/31
 29145 | Abyss:2  | Got a twisted spear
 29148 | Abyss:2  | Got a jewelled shield
 29150 | Abyss:2  | Got a shimmering spear
 29157 | Abyss:2  | Identified the +1 shield of Ciehil {rElec Regen+} (You
                  | found it on level 2 of the Abyss)
 29170 | Abyss:2  | Got an encrusted spear
 29172 | Abyss:2  | Identified the +10 spear of Objectivity {venom, rF- Int+3
                  | Dex+3} (You found it on level 2 of the Abyss)
 29173 | Abyss:2  | Identified the +9 spear "Rogoh" {drain, Dex+3} (You found
                  | it on level 2 of the Abyss)
 29174 | Abyss:2  | Identified the cursed +2 spear of Nasore {flame, -Tele MR+
                  | Int+8} (You found it on level 2 of the Abyss)
 29187 | Abyss:2  | Found a corrupted altar of Lugonu.
 29190 | Elf:1    | Escaped the Abyss
 30705 | Swamp:1  | Entered Level 1 of the Swamp
 30764 | Swamp:1  | Reached skill level 9 in Conjurations
 30764 | Swamp:1  | Reached skill level 9 in Hexes
 30764 | Swamp:1  | Reached skill level 9 in Charms
 30764 | Swamp:1  | Reached skill level 9 in Necromancy
 30764 | Swamp:1  | Reached skill level 9 in Translocations
 30764 | Swamp:1  | Reached skill level 9 in Transmutations
 30764 | Swamp:1  | Reached skill level 9 in Fire Magic
 30764 | Swamp:1  | Reached skill level 9 in Ice Magic
 30764 | Swamp:1  | Reached skill level 9 in Air Magic
 30764 | Swamp:1  | Reached skill level 9 in Earth Magic
 30764 | Swamp:1  | Reached skill level 9 in Poison Magic
 30943 | Swamp:1  | You fall into a shaft and drop 1 floor!
 30964 | Swamp:2  | Identified the +2 robe of Runykayk {Int+4} (You found it on
                  | level 2 of the Swamp)
 31011 | Swamp:1  | Got a sparkling marble ring
 31012 | Swamp:1  | Identified the ring of Pexem {rPois MR+ Str+3 Slay-4} (You
                  | found it on level 1 of the Swamp)
 31262 | Swamp:1  | Noticed a tentacled monstrosity
 31292 | Swamp:1  | Killed a tentacled monstrosity
 32837 | Swamp:3  | Found a runed translucent gate.
 32837 | Swamp:3  | Found a runed translucent gate.
 32837 | Swamp:3  | Found a runed translucent gate.
 32839 | Swamp:3  | Noticed kae's ghost (adept MiFi)
 32839 | Swamp:3  | Noticed Mesmaeker13's ghost (adept DrCj)
 32839 | Swamp:3  | Noticed Roghewn's ghost (adept FoFi)
 32840 | Swamp:3  | Noticed TheNamelessOne's ghost (adept OpWr)
 32840 | Swamp:3  | Noticed Borgoz's ghost (adept GrFi)
 33604 | Swamp:4  | Entered Level 4 of the Swamp
 33950 | Swamp:4  | Learned a level 2 spell: Blink
 33982 | Swamp:4  | Reached skill level 11 in Fighting
 33982 | Swamp:4  | Reached skill level 11 in Short Blades
 33982 | Swamp:4  | Reached skill level 11 in Long Blades
 33982 | Swamp:4  | Reached skill level 11 in Axes
 33982 | Swamp:4  | Reached skill level 11 in Maces & Flails
 33982 | Swamp:4  | Reached skill level 11 in Polearms
 33982 | Swamp:4  | Reached skill level 11 in Staves
 33982 | Swamp:4  | Reached skill level 11 in Slings
 33982 | Swamp:4  | Reached skill level 11 in Bows
 33982 | Swamp:4  | Reached skill level 11 in Crossbows
 33982 | Swamp:4  | Reached skill level 11 in Throwing
 33982 | Swamp:4  | Reached skill level 11 in Armour
 33982 | Swamp:4  | Reached skill level 11 in Shields
 33982 | Swamp:4  | Reached skill level 11 in Unarmed Combat
 33982 | Swamp:4  | Reached skill level 11 in Evocations
 34223 | Swamp:4  | Reached skill level 12 in Spellcasting
 34239 | Swamp:4  | Noticed a thorn hunter
 34266 | Swamp:4  | Killed a thorn hunter
 34266 | Swamp:4  | Reached XP level 17. HP: 131/131 MP: 10/33
 34504 | Swamp:4  | Reached skill level 12 in Invocations
 34518 | Swamp:4  | Found a basalt altar of Yredelemnul.
 34809 | Swamp:4  | Identified the +7 glaive of Optimality {chop, *Slow MP+9
                  | Str+9 SInv} (You found it on level 4 of the Swamp)
 34977 | Swamp:4  | Reached skill level 12 in Dodging
 35384 | Swamp:4  | Got a decaying rune of Zot
 35804 | Elf:2    | Found a runed translucent gate.
 35804 | Elf:2    | Found a runed translucent gate.
 35804 | Elf:2    | Found a runed translucent gate.
 35910 | Elf:2    | Found an ancient bone altar of Kikubaaqudgha.
 36419 | Elf:3    | Entered Level 3 of the Elven Halls
 36574 | Elf:3    | Reached skill level 12 in Stealth
 37000 | Elf:3    | Noticed a Tzitzimitl
 37073 | Elf:3    | Learned a level 5 spell: Dispel Undead
 37333 | Elf:3    | Noticed a deep elf blademaster
 37368 | Elf:3    | Killed a deep elf blademaster
 38013 | Elf:3    | Noticed a deep elf blademaster
 38080 | Elf:2    | Killed a deep elf blademaster
 38632 | Elf:3    | Identified the +8 plate armour of the Original Sin {Int+7}
 38696 | Elf:3    | Reached skill level 12 in Summonings
 38749 | Elf:3    | Reached skill level 10 in Conjurations
 38749 | Elf:3    | Reached skill level 10 in Hexes
 38749 | Elf:3    | Reached skill level 10 in Charms
 38749 | Elf:3    | Reached skill level 10 in Necromancy
 38749 | Elf:3    | Reached skill level 10 in Translocations
 38749 | Elf:3    | Reached skill level 10 in Transmutations
 38749 | Elf:3    | Reached skill level 10 in Fire Magic
 38749 | Elf:3    | Reached skill level 10 in Ice Magic
 38749 | Elf:3    | Reached skill level 10 in Air Magic
 38749 | Elf:3    | Reached skill level 10 in Earth Magic
 38749 | Elf:3    | Reached skill level 10 in Poison Magic
 38819 | Elf:3    | Identified the +8 plate armour "Dushep" {+Blink rN+ Stlth+}
 38855 | Elf:3    | Noticed a deep elf blademaster
 38863 | Elf:3    | Noticed an Executioner
 38877 | Elf:3    | Noticed a deep elf blademaster
 38888 | Elf:3    | Noticed a deep elf master archer
 38893 | Elf:3    | Identified the +9 dire flail "Jellybane" {antimagic, Str+3}
 38901 | Elf:3    | Noticed a deep elf master archer
 39043 | Elf:3    | Killed a deep elf blademaster
 39043 | Elf:3    | Reached XP level 18. HP: 118/139 MP: 20/34
 39352 | Elf:3    | Killed a deep elf master archer
 39482 | Elf:3    | Killed a deep elf blademaster
 39718 | Elf:3    | Killed a deep elf master archer
 39909 | Elf:3    | Learned a level 2 spell: Sublimation of Blood
 39948 | Elf:3    | Identified the Volume of the Voyage
 40278 | Spider:1 | Entered Level 1 of the Spider Nest
 40497 | Spider:1 | Reached skill level 12 in Fighting
 40497 | Spider:1 | Reached skill level 12 in Short Blades
 40497 | Spider:1 | Reached skill level 12 in Long Blades
 40497 | Spider:1 | Reached skill level 12 in Axes
 40497 | Spider:1 | Reached skill level 12 in Maces & Flails
 40497 | Spider:1 | Reached skill level 12 in Polearms
 40497 | Spider:1 | Reached skill level 12 in Staves
 40497 | Spider:1 | Reached skill level 12 in Slings
 40497 | Spider:1 | Reached skill level 12 in Bows
 40497 | Spider:1 | Reached skill level 12 in Crossbows
 40497 | Spider:1 | Reached skill level 12 in Throwing
 40497 | Spider:1 | Reached skill level 12 in Armour
 40497 | Spider:1 | Reached skill level 12 in Shields
 40497 | Spider:1 | Reached skill level 12 in Unarmed Combat
 40497 | Spider:1 | Reached skill level 12 in Evocations
 40683 | Spider:1 | Identified the +1 leather armour of Uqamasat {+Fly rElec
                  | Dex+4 Stlth+} (You found it on level 1 of the Spider Nest)
 40779 | Spider:1 | You fall into a shaft and drop 1 floor!
 40791 | Spider:2 | Reached skill level 13 in Invocations
 41349 | Spider:1 | Identified Roxanne's Guide on the Mountains
 41349 | Spider:1 | Noticed Roxanne
 41398 | Spider:1 | Killed Roxanne
 41452 | Spider:1 | Reached skill level 13 in Spellcasting
 42459 | Spider:3 | Noticed Louise
 42464 | Spider:3 | Noticed Nikola
 42472 | Spider:3 | Killed Louise
 42477 | Spider:3 | Noticed Mara
 42489 | Spider:3 | Killed Nikola
 42507 | Spider:3 | Noticed mopl's illusion
 42597 | Spider:3 | Noticed mopl's illusion
 42706 | Spider:3 | Killed Mara
 42770 | Spider:3 | Noticed Arachne
 42789 | Spider:3 | Reached skill level 13 in Dodging
 43010 | Spider:3 | Killed Arachne
 43256 | Spider:3 | Reached XP level 19. HP: 137/147 MP: 36/36
 43441 | Spider:3 | Reached skill level 13 in Stealth
 44185 | Spider:4 | Entered Level 4 of the Spider Nest
 45464 | Spider:4 | Got a gossamer rune of Zot
 45898 | D:10     | Bought the ring of Foimne {rPois rF+ MR+ Str-3 Stlth-} for
                  | 525 gold pieces
 46028 | Vaults:1 | Entered Level 1 of the Vaults
 46057 | Vaults:1 | Identified the cursed +1 plate armour of the Wilderness
                  | {MR+} (You found it on level 1 of the Vaults)
 46709 | Vaults:1 | Reached skill level 11 in Conjurations
 46709 | Vaults:1 | Reached skill level 11 in Hexes
 46709 | Vaults:1 | Reached skill level 11 in Charms
 46709 | Vaults:1 | Reached skill level 11 in Necromancy
 46709 | Vaults:1 | Reached skill level 11 in Translocations
 46709 | Vaults:1 | Reached skill level 11 in Transmutations
 46709 | Vaults:1 | Reached skill level 11 in Fire Magic
 46709 | Vaults:1 | Reached skill level 11 in Ice Magic
 46709 | Vaults:1 | Reached skill level 11 in Air Magic
 46709 | Vaults:1 | Reached skill level 11 in Earth Magic
 46709 | Vaults:1 | Reached skill level 11 in Poison Magic
 47375 | Vaults:1 | Identified the ring "Kigyr" {*Tele Str+6}
 47908 | Vaults:1 | Identified the ring "Ruvopty" {rPois rN+ MR+ MP+9 Str-4
                  | Dex-2}
 47913 | Vaults:1 | Noticed a golden dragon
 48149 | Vaults:1 | Killed a golden dragon
 48149 | Vaults:1 | Reached XP level 20. HP: 153/155 MP: 34/37
 48216 | Vaults:1 | Identified the ring "Wysaus" {Str+2 SInv} (You found it on
                  | level 1 of the Vaults)
 48232 | Vaults:1 | Reached skill level 13 in Fighting
 48232 | Vaults:1 | Reached skill level 13 in Short Blades
 48232 | Vaults:1 | Reached skill level 13 in Long Blades
 48232 | Vaults:1 | Reached skill level 13 in Axes
 48232 | Vaults:1 | Reached skill level 13 in Maces & Flails
 48232 | Vaults:1 | Reached skill level 13 in Polearms
 48232 | Vaults:1 | Reached skill level 13 in Staves
 48232 | Vaults:1 | Reached skill level 13 in Slings
 48232 | Vaults:1 | Reached skill level 13 in Bows
 48232 | Vaults:1 | Reached skill level 13 in Crossbows
 48232 | Vaults:1 | Reached skill level 13 in Throwing
 48232 | Vaults:1 | Reached skill level 13 in Armour
 48232 | Vaults:1 | Reached skill level 13 in Shields
 48232 | Vaults:1 | Reached skill level 13 in Unarmed Combat
 48232 | Vaults:1 | Reached skill level 14 in Invocations
 48232 | Vaults:1 | Reached skill level 13 in Evocations
 48534 | Vaults:1 | Learned a level 7 spell: Malign Gateway
 48538 | Vaults:1 | Learned a level 3 spell: Spectral Weapon
 48882 | Vaults:2 | Reached skill level 13 in Summonings
 49040 | Vaults:2 | Found a large runed translucent door.
 49040 | Vaults:2 | Found a large runed translucent door.
 49040 | Vaults:2 | Found a large runed translucent door.
 49040 | Vaults:2 | Found a large runed translucent door.
 49040 | Vaults:2 | Found a large runed translucent door.
 49040 | Vaults:2 | Found a large runed translucent door.
 49040 | Vaults:2 | Found a large runed translucent door.
 49040 | Vaults:2 | Found a large runed translucent door.
 49040 | Vaults:2 | Noticed Awazaost's ghost (veteran MiBe)
 49563 | Vaults:2 | Found Dikhlasin's Magic Scroll Emporium.
 49632 | Vaults:2 | Bought a scroll of blinking for 112 gold pieces
 49632 | Vaults:2 | Bought a scroll of teleportation for 45 gold pieces
 49632 | Vaults:2 | Bought a scroll of teleportation for 45 gold pieces
 49632 | Vaults:2 | Bought a scroll of teleportation for 45 gold pieces
 49632 | Vaults:2 | Bought a scroll of fear for 52 gold pieces
 49632 | Vaults:2 | Bought a scroll of fog for 30 gold pieces
 49632 | Vaults:2 | Bought a scroll of identify for 30 gold pieces
 49694 | Vaults:2 | Reached skill level 14 in Spellcasting
 49820 | Vaults:2 | Noticed Sojobo
 50680 | Vaults:2 | Reached skill level 14 in Dodging
 50767 | Vaults:2 | Found a staircase to the Crypt.
 50977 | Vaults:2 | Killed Sojobo
 51098 | Vaults:3 | Bought a warped leather armour for 252 gold pieces
 51098 | Vaults:3 | Bought a bloodstained scale mail for 324 gold pieces
 51098 | Vaults:3 | Bought a dazzling cloak for 342 gold pieces
 51098 | Vaults:3 | Identified the cursed +0 scale mail of Nuulinag {MR- Str+4
                  | SInv} (You bought it in a shop on level 3 of the Vaults)
 51099 | Vaults:3 | Identified the +3 leather armour "Qoymil Init" {*Drain
                  | rCorr Str+3} (You bought it in a shop on level 3 of the
                  | Vaults)
 51100 | Vaults:3 | Identified the +2 cloak of Wasted Space {Int+4 Dex+2} (You
                  | bought it in a shop on level 3 of the Vaults)
 51134 | Vaults:3 | Reached skill level 14 in Stealth
 51193 | Vaults:3 | Identified the cursed +0 hand crossbow of Fedhas's
                  | Benevolence {freeze, *Drain rF- Dex+6}
 51323 | Vaults:3 | Noticed Margery
 51342 | Vaults:3 | Killed Margery
 51516 | Vaults:3 | Reached XP level 21. HP: 163/163 MP: 39/39
 52508 | Vaults:3 | Got a fine hat
 52519 | Vaults:3 | Identified the +0 hat of Unambiguity {Dex+2} (You found it
                  | on level 3 of the Vaults)
 52536 | Vaults:3 | Found a radiant altar of Vehumet.
 52543 | Vaults:3 | Got a translucent hat
 52554 | Vaults:3 | Identified the +1 hat "Zevumarch" {rPois} (You found it on
                  | level 3 of the Vaults)
 52563 | Vaults:3 | Got a crude robe
 52574 | Vaults:3 | Identified the +4 robe "Coromuy" {rC+ MR+} (You found it on
                  | level 3 of the Vaults)
 52581 | Vaults:3 | Got a crude robe
 52587 | Vaults:3 | Identified the +0 robe of Good Intentions {-Cast rElec
                  | Regen+} (You found it on level 3 of the Vaults)
 54099 | Vaults:4 | Reached skill level 15 in Invocations
 54255 | Vaults:4 | Reached skill level 12 in Conjurations
 54255 | Vaults:4 | Reached skill level 12 in Hexes
 54255 | Vaults:4 | Reached skill level 12 in Charms
 54255 | Vaults:4 | Reached skill level 12 in Necromancy
 54255 | Vaults:4 | Reached skill level 12 in Translocations
 54255 | Vaults:4 | Reached skill level 12 in Transmutations
 54255 | Vaults:4 | Reached skill level 12 in Fire Magic
 54255 | Vaults:4 | Reached skill level 12 in Ice Magic
 54255 | Vaults:4 | Reached skill level 12 in Air Magic
 54255 | Vaults:4 | Reached skill level 12 in Earth Magic
 54255 | Vaults:4 | Reached skill level 12 in Poison Magic
 54561 | Crypt:1  | Entered Level 1 of the Crypt
 54730 | Crypt:1  | HP: 1/164 [jiangshi[a vampire mage] (15)]
 55379 | Crypt:1  | Reached skill level 14 in Fighting
 55379 | Crypt:1  | Reached skill level 14 in Short Blades
 55379 | Crypt:1  | Reached skill level 14 in Long Blades
 55379 | Crypt:1  | Reached skill level 14 in Axes
 55379 | Crypt:1  | Reached skill level 14 in Maces & Flails
 55379 | Crypt:1  | Reached skill level 14 in Polearms
 55379 | Crypt:1  | Reached skill level 14 in Staves
 55379 | Crypt:1  | Reached skill level 14 in Slings
 55379 | Crypt:1  | Reached skill level 14 in Bows
 55379 | Crypt:1  | Reached skill level 14 in Crossbows
 55379 | Crypt:1  | Reached skill level 14 in Throwing
 55379 | Crypt:1  | Reached skill level 14 in Armour
 55379 | Crypt:1  | Reached skill level 14 in Shields
 55379 | Crypt:1  | Reached skill level 14 in Unarmed Combat
 55379 | Crypt:1  | Reached skill level 14 in Evocations
 55392 | Crypt:1  | Noticed Xtahua
 55420 | Crypt:1  | Killed Xtahua
 55542 | Crypt:1  | Learned a level 5 spell: Yara's Violent Unravelling
 55948 | Crypt:1  | HP: 2/165 [jiangshi[a vampire mage] (18)]
 55948 | Crypt:1  | Slain by a jiangshi

Levels and vault maps discovered:
D:1:      dpeg_arrival_chambers_temple_mockup, layout_loops_ring
D:2:      layout_loops_corners, chequers_ecumenical_altar_twisty
D:3:      layout_loops_cross, first_ration, chequers_serial_rivers_small_b,
          serial_bayou_pond_b
D:4:      layout_basic, gammafunk_ghost_split, guppyfry_shop_venom
D:5:      layout_basic, minmay_misc_feat_five, chequers_serial_rivers_micro_d,
          minmay_between
D:6:      layout_gridville, lemuel_doored_altar, serial_shops,
          nicolae_shop_stone
D:7:      layout_loops_ring, minmay_temple_entry_hall, grunt_livestock
D:8:      layout_basic, uniq_prince_ribbit1, uniq_grum
D:9:      kb_forest_paths, layout_stronghold, minmay_increasing_density,
          uniq_erica
D:10:     layout_long_grid, grunt_lair_entry_orc_guard_hut, david_orc_3,
          enter_bailey_6, serial_shops, shop
D:11:     layout_cave_pools, kennysheep_diamond, serial_bayou_lagoon_a,
          minmay_dual_archer_statues, uniq_sonja, uniq_josephine
D:12:     layout_stronghold, portal_ice_cave_demonic_guard
D:13:     layout_loops_cross, nemelex_xobeh_ov_fountains_minmay
D:14:     layout_cave_pools, david_vaults_2, serial_bayou, serial_bayou_ford_a,
          serial_bayou_crossing, serial_bayou_lake_a, serial_bayou_shore_b,
          nicolae_tso_carved_into_rock, hangedman_abyss_or_decor_lesser_grid,
          kennysheep_nondescript, dk_noncrumbling_4, roderic_roman_lattice
D:15:     hangedman_depths_entry_try_elsewhere_first, layout_loops_corners,
          minmay_misc_feat_four_crosses
Temple:   roderic_octagonal_lattice_temple
Lair:1:   layout_cave_shapes, nicolae_volcano_entry_two_sided,
          serial_bayou_pond_e, uniq_gastronok
Lair:2:   layout_gridlike, minmay_swamp_entry_reptiles, grunt_megastairs_5,
          infiniplex_staircase_pool
Lair:3:   cheibrodos_lair_river_kwai, layout_cave_pods, dummy_spider_entry,
          basic_altar
Lair:4:   layout_small_grid
Lair:5:   layout_cave_shapes, basic_altar, serial_bayou_shore_b,
          serial_bayou_shore_a
Lair:6:   grunt_lair_end_beastmaster, layout_cave_pods,
          minmay_slime_entry_jelly_boxes, nicolae_lair_grove_arrangements
Swamp:1:  cheibrodos_swamp_monstrosity, layout_basic_swamp,
          evilmike_swamp_ruin_rubble_1, swamp_pool1, nicolae_swamp_dense_foliage
Swamp:2:  layout_basic_swamp, evilmike_swamp_ruin_house_2, swamp_pool3,
          nicolae_swamp_very_dense_foliage
Swamp:3:  layout_falls_marsh, gammafunk_ghost_cemetery,
          nicolae_swamp_round_clearing
Swamp:4:  swamp_fiery, layout_basic_swamp, swamp_pool1, hangedman_swamp_diagram,
          grunt_ruined_hall
Spider:1: nicolae_spider_mines_3, uniq_roxanne
Spider:2: layout_chambers
Spider:3: spider_temple_joshua, uniq_mara, uniq_nikola, uniq_arachne,
          uniq_louise
Spider:4: grunt_spider_rune_parallel
Orc:1:    layout_caves, basic_altar
Orc:2:    st_orc_rangers, layout_diamond_mine, okawaru_metal_pillars_3,
          uniq_snorg, uniq_jorgrun
Elf:1:    kennysheep_room_grid, layout_geoelf_grid, serial_shops,
          nicolae_shop_stone, nicolae_shop_stone, minmay_elf_necromancy
Elf:2:    layout_onion_city, basic_altar
Elf:3:    nooodl_elf_gasket, layout_geoelf_octagon
Vaults:1: v_misc_3, nicolae_vaults_network_quincunx
          [nicolae_vaults_network_quincunx_subvault,
          nicolae_vaults_network_quincunx_subvault,
          nicolae_vaults_network_quincunx_subvault,
          nicolae_vaults_network_quincunx_subvault,
          nicolae_vaults_network_quincunx_subvault], st_greater_box_4,
          v_misc_30, vaults_mumra_minichess_inversion, v_misc_16, v_misc_11,
          v_pattern_2, nicolae_vaults_little_squares_4,
          layout_vaults_maze_snakey
Vaults:2: advil_vaults_ghost_lines, minmay_crypt_entry_simple_round, v_misc_18,
          hangedman_vaults_locks, nicolae_vaults_little_squares_5,
          ontoclasm_vaults_chip, nicolae_vaults_what_the_h, grunt_vaults_twisty,
          vaults_dpeg_doors, hangedman_vaults_river_flow,
          hangedman_vaults_impose, layout_vaults_omnicross, serial_shops,
          shop_statue, uniq_sojobo
Vaults:3: v_misc_30, v_misc_2, hangedman_vaults_stitches, v_misc_14,
          vaults_room_pool, grunt_tower_of_power, ontoclasm_vaults_ring_large,
          ontoclasm_vaults_gateway, layout_vaults_omnigrid, uniq_margery
Vaults:4: ontoclasm_vaults_loading_screen, nicolae_vaults_three_branches,
          nicolae_vaults_circle_grid_a, vaults_dpeg_spiral,
          nicolae_vaults_little_ls, hangedman_vaults_maws,
          ontoclasm_vaults_hangar, grunt_vaults_trifunnel, hangedman_vaults_hat,
          v_rooms_3, nicolae_vaults_know_your_exits, nicolae_vaults_asterisk,
          vaults_room_corners, ontoclasm_vaults_tryst, layout_vaults_omnibox
Crypt:1:  layout_gridlike, skrybe_necro_troll_2, uniq_xtahua
Crypt:2:  layout_catacombs, uniq_saint_roka

Skill      XL: |  1  2  3  4  5  6  7  8  9 10 11 12 13 14 15 16 17 18 19 20 21 |
---------------+----------------------------------------------------------------+-----
Spellcasting   | 5 6 7 8 9 10 11 12 13 14 | 14.7
Invocations    | 1 2 3 4 5 6 7 8 9 10 11 12 13 14 15 | 15.1
Fighting       | 1 2 3 4 5 6 7 8 9 10 11 12 13 14 | 14.0
Short Blades   | 1 2 3 4 5 6 7 8 9 10 11 12 13 14 | 14.0
Long Blades    | 1 2 3 4 5 6 7 8 9 10 11 12 13 14 | 14.0
Axes           | 1 2 3 4 5 6 7 8 9 10 11 12 13 14 | 14.0
Maces & Flails | 1 2 3 4 5 6 7 8 9 10 11 12 13 14 | 14.0
Polearms       | 1 2 3 4 5 6 7 8 9 10 11 12 13 14 | 14.0
Staves         | 1 2 3 4 5 6 7 8 9 10 11 12 13 14 | 14.0
Slings         | 1 2 3 4 5 6 7 8 9 10 11 12 13 14 | 14.0
Bows           | 1 2 3 4 5 6 7 8 9 10 11 12 13 14 | 14.0
Crossbows      | 1 2 3 4 5 6 7 8 9 10 11 12 13 14 | 14.0
Throwing       | 1 2 3 4 5 6 7 8 9 10 11 12 13 14 | 14.0
Armour         | 1 2 3 4 5 6 7 8 9 10 11 12 13 14 | 14.0
Shields        | 1 2 3 4 5 6 7 8 9 10 11 12 13 14 | 14.0
Unarmed Combat | 1 2 3 4 5 6 7 8 9 10 11 12 13 14 | 14.0
Evocations     | 1 2 3 4 5 6 7 8 9 10 11 12 13 14 | 14.0
Conjurations   | 1 2 3 4 5 6 7 8 9 10 11 12 | 12.1
Hexes          | 1 2 3 4 5 6 7 8 9 10 11 12 | 12.1
Charms         | 1 2 3 4 5 6 7 8 9 10 11 12 | 12.1
Necromancy     | 1 2 3 4 5 6 7 8 9 10 11 12 | 12.1
Translocations | 1 2 3 4 5 6 7 8 9 10 11 12 | 12.1
Transmutations | 1 2 3 4 5 6 7 8 9 10 11 12 | 12.1
Fire Magic     | 1 2 3 4 5 6 7 8 9 10 11 12 | 12.1
Ice Magic      | 1 2 3 4 5 6 7 8 9 10 11 12 | 12.1
Air Magic      | 1 2 3 4 5 6 7 8 9 10 11 12 | 12.1
Earth Magic    | 1 2 3 4 5 6 7 8 9 10 11 12 | 12.1
Poison Magic   | 1 2 3 4 5 6 7 8 9 10 11 12 | 12.1
Dodging        | 5 6 7 8 9 10 11 12 13 14 | 14.6
Stealth        | 5 6 7 8 9 10 11 12 13 14 | 14.5
Summonings     | 8 9 10 11 12 13 | 13.6

Action                   |  1- 3 |  4- 6 |  7- 9 | 10-12 | 13-15 | 16-18 | 19-21 || total
-------------------------+-------+-------+-------+-------+-------+-------+-------++-------
Melee: Mace              |    74 |     3 |       |       |       |       |       ||    77
       Bite              |     4 |     7 |    20 |    80 |   137 |   173 |   231 ||   652
       Punch             |     1 |       |     2 |     3 |       |       |       ||     6
       Trident           |       |   125 |   287 |   783 |     3 |       |       ||  1198
       Spear             |       |       |       |       |  1472 |  1547 |       ||  3019
       Demon trident     |       |       |       |       |       |   466 |  2271 ||  2737
Throw: Dart              |       |     1 |     2 |     6 |     5 |     4 |       ||    18
       Boomerang         |       |       |       |     1 |       |     8 |     7 ||    16
 Cast: Call Canine Famil |     2 |     7 |    25 |    45 |    70 |   101 |    27 ||   277
       Call Imp          |     2 |     1 |     2 |       |       |     7 |       ||    12
       Summon Guardian G |       |     2 |     2 |    18 |    26 |    30 |     4 ||    82
       Summon Ice Beast  |       |     3 |    17 |    80 |   126 |   227 |    61 ||   514
       Summon Lightning  |       |       |     2 |    21 |    50 |    72 |    34 ||   179
       Blink             |       |       |       |       |       |    24 |    21 ||    45
       Dispel Undead     |       |       |       |       |       |     2 |    23 ||    25
       Excruciating Woun |       |       |       |       |       |     3 |     2 ||     5
       Spectral Weapon   |       |       |       |       |       |       |    34 ||    34
       Deflect Missiles  |       |       |       |       |       |       |     5 ||     5
       Malign Gateway    |       |       |       |       |       |       |     2 ||     2
Invok: Potion Petition   |       |       |       |       |     3 |     2 |     4 ||     9
       Call Merchant     |       |       |       |       |       |       |     4 ||     4
 Abil: Evoke Berserk Rag |       |       |       |       |     1 |     2 |       ||     3
       Evoke Blink       |       |       |       |       |     1 |     2 |       ||     3
Evoke: Wand              |       |       |       |     2 |     3 |     8 |    35 ||    48
       Lamp of fire      |       |       |       |       |       |       |     1 ||     1
  Use: Potion            |     3 |       |       |     1 |     4 |     1 |     7 ||    16
       Scroll            |       |     4 |     6 |    14 |     7 |    34 |    16 ||    81
 Stab: Sleeping          |    10 |    13 |    19 |     9 |    37 |    20 |    34 ||   142
       Distracted        |       |     1 |     3 |    13 |    32 |    51 |    52 ||   152
       Held in net/web   |       |       |       |       |       |       |     2 ||     2
       Paralysed         |       |       |       |       |       |       |    28 ||    28
  Eat: Chunk             |     1 |    10 |    11 |       |       |       |       ||    22
       Ration            |       |       |     2 |    11 |    13 |    15 |    14 ||    55
Armor: Robe              |    11 |    29 |    69 |   124 |    12 |       |       ||   245
       Troll leather arm |       |       |       |       |   116 |   236 |   234 ||   586
Dodge: Dodged            |    64 |    80 |   185 |   374 |   492 |   746 |   810 ||  2751
       Deflected         |       |       |       |       |       |       |    36 ||    36
Block: Buckler           |       |       |       |   129 |   302 |     9 |       ||   440
       Shield            |       |       |       |       |       |   734 |   832 ||  1566

Table legend:
 A = Non-vault XP
 B = Vault XP
 C = Vault XP percentage of total XP
 D = Non-vault monster count
 E = Vault monster count
 F = Vault count percentage of total count
                 A         B        C        D         E       F
            +---------+---------+-------+---------+---------+-------
      Total |  294571 |  288779 |  49.5 |    1180 |     583 |  33.1
            +---------+---------+-------+---------+---------+-------
        D:1 |      55 |       0 |   0.0 |      24 |       0 |   0.0
        D:2 |      31 |       0 |   0.0 |      10 |       0 |   0.0
        D:3 |     153 |       0 |   0.0 |      27 |       0 |   0.0
        D:4 |     388 |     281 |  42.0 |      17 |       5 |  22.7
        D:5 |     811 |     160 |  16.5 |      17 |       2 |  10.5
        D:6 |     384 |       0 |   0.0 |      29 |       0 |   0.0
        D:7 |    1376 |     523 |  27.5 |      23 |       5 |  17.9
        D:8 |    1584 |     430 |  21.4 |      30 |       4 |  11.8
        D:9 |    1618 |    2736 |  62.8 |      34 |      23 |  40.4
       D:10 |    1514 |     536 |  26.1 |      29 |      11 |  27.5
       D:11 |    5759 |    2381 |  29.3 |      46 |      12 |  20.7
       D:12 |    1657 |     450 |  21.4 |      29 |       2 |   6.5
       D:13 |    5882 |       0 |   0.0 |      24 |       0 |   0.0
       D:14 |    6719 |    7904 |  54.1 |      53 |      10 |  15.9
       D:15 |   12431 |    2131 |  14.6 |      27 |       4 |  12.9
     Lair:1 |    2259 |    1138 |  33.5 |      17 |       1 |   5.6
     Lair:2 |    2573 |     773 |  23.1 |      22 |       6 |  21.4
     Lair:3 |    3525 |    1439 |  29.0 |      20 |       5 |  20.0
     Lair:4 |    4477 |       0 |   0.0 |      22 |       0 |   0.0
     Lair:5 |    5627 |       0 |   0.0 |      19 |       0 |   0.0
     Lair:6 |    4066 |    7343 |  64.4 |      17 |      31 |  64.6
    Swamp:1 |    5995 |    1771 |  22.8 |      19 |       1 |   5.0
    Swamp:2 |    9652 |       0 |   0.0 |      34 |       0 |   0.0
    Swamp:3 |    9838 |       0 |   0.0 |      33 |       0 |   0.0
    Swamp:4 |    8244 |   14491 |  63.7 |      34 |      31 |  47.7
   Spider:1 |   16000 |    4074 |  20.3 |      59 |       9 |  13.2
   Spider:2 |    7306 |     908 |  11.1 |      27 |       1 |   3.6
   Spider:3 |    7714 |   21111 |  73.2 |      32 |      31 |  49.2
   Spider:4 |   10199 |   19817 |  66.0 |      24 |      53 |  68.8
      Orc:1 |    2401 |       0 |   0.0 |      42 |       0 |   0.0
      Orc:2 |    6880 |    6203 |  47.4 |      40 |      43 |  51.8
      Elf:1 |   20297 |    7526 |  27.0 |      36 |      18 |  33.3
      Elf:2 |    7735 |    4873 |  38.7 |      15 |       5 |  25.0
      Elf:3 |   12457 |   47600 |  79.3 |      34 |      47 |  58.0
   Vaults:1 |   10097 |   49004 |  82.9 |      22 |      61 |  73.5
   Vaults:2 |   24723 |   28671 |  53.7 |      56 |      42 |  42.9
   Vaults:3 |   22148 |   17364 |  43.9 |      52 |      16 |  23.5
   Vaults:4 |   21621 |   21402 |  49.7 |      33 |      30 |  47.6
    Crypt:1 |   16227 |    5768 |  26.2 |      32 |       6 |  15.8
    Crypt:2 |    4211 |       0 |   0.0 |       2 |       0 |   0.0
    Abyss:2 |    7937 |    3791 |  32.3 |      18 |       5 |  21.7
      IceCv |       0 |    4134 | 100.0 |       0 |      54 | 100.0
    Volcano |       0 |    2046 | 100.0 |       0 |       9 | 100.0
            +---------+---------+-------+---------+---------+-------
